 Dungeon Crawl Stone Soup version 0.24-a0-537-g2d01d4ab0a (webtiles) character file.

Game seed: 12771742747999294824

51 Chiseanne the Covered (level 3, -9/23 HPs)
             Began as a Tengu Fighter on Aug 12, 2019.
             Mangled by an ogre
             ... wielding a +0 giant club
              (24 damage)
             ... on level 4 of the Dungeon.
             The game lasted 00:02:16 (321 turns).

Chiseanne the Covered (Tengu Fighter)                Turns: 321, Time: 00:02:17

Health: -9/23      AC:  7    Str: 16    XL:     3   Next: 81%
Magic:  4/4        EV:  7    Int:  8    God:
Gold:   47         SH:  9    Dex: 14    Spells: 2/2 levels left

rFire    . . .     SeeInvis .   a - +0 rapier
rCold    . . .     Gourm    .   c - +0 shield
rNeg     . . .     Faith    .   b - +0 scale mail
rPois    .         Spirit   .   (helmet restricted)
rElec    .         Reflect  .   (no cloak)
rCorr    .         Harm     .   (no gloves)
MR       .....                  (boots unavailable)
Stlth    ..........             (no amulet)
HPRegen  0.07/turn              (no ring)
MPRegen  0.09/turn              (no ring)

@: no status effects
A: beak, talons 3
a: no special abilities


You were on level 4 of the Dungeon.
You were not hungry.

You visited 1 branch of the dungeon, and saw 4 of its levels.

You collected 47 gold pieces.

Inventory:

Hand Weapons
 a - a +0 rapier (weapon)
 g - a +0 spear of venom
 j - a +0 hunting sling
Missiles
 h - 6 curare-tipped darts (quivered)
 l - 10 poisoned darts
Armour
 b - a +0 scale mail (worn)
 c - a +0 shield (worn)
Scrolls
 m - a scroll of blinking {unknown}
 o - a scroll of noise {unknown}
 q - 2 scrolls of identify {unknown}
Potions
 d - a potion of might
 n - a potion of agility {unknown}
 p - a potion of heal wounds {unknown}
 r - a potion of invisibility {unknown}
Comestibles
 f - 6 rations


   Skills:
 * Level 3.4 Fighting
 - Level 2.1 Short Blades
 * Level 3.8 Armour
 * Level 1.5 Dodging
 * Level 3.4 Shields


You had 2 spell levels left.
You didn't know any spells.
Your spell library was empty.

Dungeon Overview and Level Annotations

Branches:
Dungeon (4/15)
 Temple: D:4-7

Altars:


Innate Abilities, Weirdness & Mutations

You have a beak for a mouth.
You have claws for feet.


Message History

You barely miss the orc. You peck the orc.
The orc is heavily wounded.
The orc hits you.
You barely miss the orc.
The orc is heavily wounded.
The orc hits you but does no damage.
You barely miss the orc. You claw the orc.
The orc is severely wounded.
The orc hits you but does no damage.
You hit the orc.
You kill the orc!
You hit the ogre. Your kick misses the ogre.
The ogre is lightly wounded.
You block the ogre's attack.
You hit the ogre but do no damage. You claw the ogre, but do no damage.
You peck the ogre.
The ogre is lightly wounded.
The ogre hits you with a +0 giant club!!
Ouch! That really hurt!
You die...

# ##### #.# ...
##.#. #.# .....
#@# ##.#<. #O#
....oo# #.# #
##$....##.####.##
.................
##..#.......>....
........<#######
##########


You could see an ogre.

Vanquished Creatures
  A hound skeleton (D:4)
  An ooze (D:1)
  A dart slug (D:1)
  2 orcs (D:4)
  A giant cockroach (D:1)
  A goblin (D:1)
  5 hobgoblins
  8 jackals (D:1)
  A ball python (D:1)
  A bat (D:1)
  A frilled lizard (D:1)
  A kobold (D:2)
  4 rats (D:1)
28 creatures vanquished.

Notes
Turn   | Place    | Note
-------+----------+-------------------------------------------
     0 | D:1      | Chiseanne the Tengu Fighter began the quest for the Orb.
     0 | D:1      | Reached XP level 1. HP: 14/14 MP: 2/2
    61 | D:1      | Reached XP level 2. HP: 15/19 MP: 3/3
    86 | D:1      | Reached skill level 1 in Dodging
   111 | D:1      | Reached XP level 3. HP: 15/23 MP: 4/4
   305 | D:4      | Noticed an ogre
   321 | D:4      | Mangled by an ogre

Levels and vault maps discovered:
D:1:      minmay_arrival_open_corners, layout_rooms
D:2:      layout_loops_ring, uniq_crazy_yiuf_cottage, uniq_natasha
D:3:      layout_loops_corners, lemuel_blue_sif_altar, lemuel_round_altar,
          corexii_shack
D:4:      layout_loops_ring, serial_shops, nicolae_shop_overgrown_old_shop

Skill      XL: |  1  2 |
---------------+-------+-----
Dodging        | 1 |  1.5
Fighting       | |  3.4
Short Blades   | |  2.1
Armour         | |  3.8
Shields        | |  3.4

Action                   || total
-------------------------++-------
Melee: Rapier            ||    66
       Kick              ||    23
       Peck              ||    14
Armor: Scale mail        ||    31
Dodge: Dodged            ||    21
Block: Shield            ||    28

Table legend:
 A = Non-vault XP
 B = Vault XP
 C = Vault XP percentage of total XP
 D = Non-vault monster count
 E = Vault monster count
 F = Vault count percentage of total count
                 A         B        C        D         E       F
            +---------+---------+-------+---------+---------+-------
      Total |      73 |       0 |   0.0 |      28 |       0 |   0.0
            +---------+---------+-------+---------+---------+-------
        D:1 |      46 |       0 |   0.0 |      23 |       0 |   0.0
        D:2 |       1 |       0 |   0.0 |       1 |       0 |   0.0
        D:3 |       2 |       0 |   0.0 |       1 |       0 |   0.0
        D:4 |      24 |       0 |   0.0 |       3 |       0 |   0.0
            +---------+---------+-------+---------+---------+-------
